 Dungeon Crawl Stone Soup version 0.17-a0-1711-gc5340a3 (webtiles) character file.

9538 hexophile the Nimble (level 11, -3/61 HPs)
             Began as a Spriggan Chaos Knight on Aug 22, 2015.
             Killed by the air
             ... invoked by Gastronok the titan
              (17 damage)
             ... on level 11 of the Dungeon.
             The game lasted 00:51:20 (73838 turns).

hexophile the Nimble (Spriggan Chaos Knight)       Turns: 73838, Time: 00:51:20

Health: -3/61      AC:  4    Str:  8    XL:     11   Next: 24%
Magic:  27/27      EV: 37    Int: 16    God:    Xom [..*...]
Gold:   3173       SH:  0    Dex: 27    Spells: 2 memorised, 0 levels left

rFire  . . .     SeeInvis +     a - +0 spear (chaos)
rCold  . . .     Clarity  .     y - +2 robe {MR+}
rNeg   . . .     SustAt   .     (shield restricted)
rPois  +         Gourm    .     (helmet restricted)
rElec  .         Spirit   .     (no cloak)
rCorr  .         Warding  .     (gloves unavailable)
rMut   .         Stasis   .     (boots unavailable)
MR     +++..                    e - amulet of Noohog Xoepo {+Rage MP+9}
Stlth  +++++++...               G - +2 ring of dexterity
                                g - +3 ring of evasion

@: very quick, extremely resistant to hostile enchantments, extremely stealthy
A: unfitting armour, beak, thin skeletal structure 1, see invisible, agile 2,
blink 1, clever 1, deformed body, herbivore 3, speed 3, high mp 1, magic
resistance 1, sense surroundings 2, poison resistance, robust 2, shaggy fur 1,
slow metabolism 2, wild magic 2, no device heal 1
a: Blink, Renounce Religion, Evoke Berserk Rage


You were on level 11 of the Dungeon.
You worshipped Xom.
You were a toy of Xom.
You were not hungry.

You visited 2 branches of the dungeon, and saw 12 of its levels.

You collected 3215 gold pieces.
You spent 42 gold pieces at shops.

Inventory:

Hand weapons
 a - a +0 spear of chaos (weapon)
 p - a +2 club of chaos
 r - a +4 club of chaos
 s - the +1 trident of the Briny Deep {freeze, +Rage Str+3 Dex+3}
   (You found it on level 9 of the Dungeon)

   It has been specially enchanted to freeze those struck by it, causing extra
   injury to most foes and up to half again as much damage against particularly
   susceptible opponents.
   It can also slow down cold-blooded creatures.
   It affects your strength (+3).
   It affects your dexterity (+3).
   It lets you go berserk.
Missiles
 c - 6 exploding tomahawks (quivered)
 l - 461 stones
 o - 4 needles of confusion
Armour
 v - a +2 buckler
 y - a +2 robe of magic resistance (worn)
Rods
 S - a +0 rod of the swarm (10/10)
   (You found it on level 10 of the Dungeon)
Jewellery
 e - the amulet of Noohog Xoepo (around neck) {+Rage MP+9}
   (Xom gifted it to you on level 1 of the Dungeon)

   [amulet of rage]

   It affects your magic capacity (+9).
   It lets you go berserk.
 g - a +3 ring of evasion (left hand)
 q - an uncursed amulet of resist corrosion
 A - an uncursed ring of fire
 G - a +2 ring of dexterity (right hand)
 M - an uncursed ring of fire
 U - an uncursed ring of flight {unknown}
Magical devices
 n - a wand of polymorph (1)
 t - a wand of hasting (1)
 x - a wand of cold (8)
 K - a wand of fire (4)
 L - a wand of flame (7)
 P - a wand of draining (8)
 Q - a wand of enslavement (8)
 T - a wand of frost (23)
Scrolls
 i - 2 scrolls of teleportation
 k - 11 scrolls of remove curse
 z - 5 scrolls of identify
 C - a scroll of enchant armour {unknown}
 D - a scroll of enchant weapon {unknown}
 F - a scroll of magic mapping
 H - a scroll of fear {unknown}
 I - a scroll of torment {unknown}
 J - a scroll of brand weapon {unknown}
 N - a scroll of amnesia
 O - a scroll of recharging {unknown}
 V - a scroll of vulnerability {unknown}
 Z - 2 scrolls of immolation {unknown}
Potions
 d - a potion of cancellation
 f - 3 potions of curing
 h - 2 potions of heal wounds
 m - 2 potions of brilliance
 u - 2 potions of lignification
 W - a potion of mutation {unknown}
Books
 b - a book of Flames

   Spells                             Type                      Level
   a - Flame Tongue                   Conjuration/Fire             1
   b - Throw Flame                    Conjuration/Fire             2
   c - Conjure Flame                  Conjuration/Fire             3
   d - Inner Flame                    Hexes/Fire                   3
   e - Sticky Flame                   Conjuration/Fire             4
   f - Fireball                       Conjuration/Fire             5
 j - a book of Callings

   Spells                             Type                      Level
   a - Summon Small Mammal            Summoning                    1
   b - Call Imp                       Summoning                    2
   c - Call Canine Familiar           Summoning                    3
   d - Summon Guardian Golem          Hexes/Summoning              3
   e - Summon Lightning Spire         Summoning/Air                4
   f - Summon Ice Beast               Ice/Summoning                4
 w - a book of Maledictions

   Spells                             Type                      Level
   a - Corona                         Hexes                        1
   b - Ensorcelled Hibernation        Hexes/Ice                    2
   c - Confuse                        Hexes                        3
   d - Tukima's Dance                 Hexes                        3
   e - Dazzling Spray                 Conjuration/Hexes            3
 E - a book of Geomancy

   Spells                             Type                      Level
   a - Sandblast                      Earth                        1
   b - Stoneskin                      Transmutation/Earth          2
   c - Passwall                       Transmutation/Earth          3
   d - Stone Arrow                    Conjuration/Earth            3
   e - Petrify                        Transmutation/Earth          4
   f - Lee's Rapid Deconstruction     Earth                        5
 R - a book of Death

   Spells                             Type                      Level
   a - Corpse Rot                     Necromancy                   2
   b - Sublimation of Blood           Necromancy                   2
   c - Agony                          Necromancy                   5
   d - Dispel Undead                  Necromancy                   5
   e - Excruciating Wounds            Charms/Necromancy            5
   f - Bolt of Draining               Conjuration/Necromancy       5
 Y - a book of the Dragon

   Spells                             Type                      Level
   a - Flame Tongue                   Conjuration/Fire             1
   b - Cause Fear                     Hexes                        4
   c - Bolt of Fire                   Conjuration/Fire             6
   d - Dragon Form                    Transmutation                7
   e - Dragon's Call                  Summoning                    9
Comestibles
 B - 9 royal jellies
 X - a bread ration


   Skills:
 - Level 2.4 Fighting
 * Level 9.9 Polearms
 - Level 13.0 Dodging
 + Level 12.5 Stealth
 * Level 0.0 Summonings
 - Level 6.5 Evocations


You couldn't memorise any spells.
You knew the following spells:

 Your Spells              Type           Power        Failure   Level  Hunger
a - Summon Small Mammal   Summ           #...         54%         1    ##.....
b - Dragon's Call         Summ           #.........   100%        9    #######


Dungeon Overview and Level Annotations

Branches:
Dungeon (11/15)            Temple (1/1) D:6            Lair (0/8) D:8
    Orc: D:9-12

Altars:
Ashenzari
Cheibriados
Dithmenos
Elyvilon
Fedhas
Gozag
Kikubaaqudgha
Makhleb
Nemelex Xobeh
Okawaru
Sif Muna
Vehumet
Xom
Yredelemnul
Zin
The Shining One

Shops:
D:4 (   D:10 [

Annotations:
D:11 Gastronok


Innate Abilities, Weirdness & Mutations

You are tiny and cannot use many weapons and most armour.
You have supernaturally acute eyesight.
You are a herbivore.
You cover ground extremely quickly.
You need consume almost no food.
You have a beak for a mouth.
You have a somewhat thin skeletal structure (Dex +2, Stealth).
You are very agile. (Dex +4)
You can translocate small distances at will.
Your mind is acute. (Int +2)
Armour fits poorly on your strangely shaped body.
You have an increased reservoir of magic (+10% MP).
You are resistant to hostile enchantments.
You passively map the area around you.
Your system is resistant to poisons.
You are very robust (+20% HP).
You are covered in fur (AC +1).
Your spells are harder to cast, but more powerful.
Potions and wands are less effective at restoring your health.


Message History

Press: ? - help, Dir - move target cursor, f/p - Gastronok
Aim: Gastronok the titan You reach to attack!
You hit Gastronok but do no damage.
Gastronok gestures wildly while chanting.
Attack whom?
Press: ? - help, Dir - move target cursor, f/p - Gastronok
Aim: Gastronok the titan You reach to attack!
You hit Gastronok.
Gastronok is lightly wounded.
You hit the bat. You freeze the bat.
You kill the bat!
The bat's corpse disappears in a puff of smoke!
Gastronok waves its arms in wide circles.
The air twists around and strikes you!
* * * LOW HITPOINT WARNING * * *
A shower of butterflies erupts from you!
Gastronok waves its arms in wide circles.
The air twists around and strikes you!
You die...
Xom is highly amused!

≈≈≈≈≈≈≈ #.....##b.....#* *
≈≈≈≈≈≈##.#....##......# ,
≈≈≈......#.##.##bb....#* *
≈≈≈......#.#..[r......#* #
≈≈........#.#b#C#######[####
≈≈......####.#.#.# #........#
#.....# #.#.b.# #........# *
#.....# #.#...# #..........
#.....# #.#..@###....<.....
#.....# #.......#..........,
#.....######.#>#.#..........,
#.....##.....#.#.#).........,
#.....##.###.#...#........##
#.....##.[...##### * * *
############.# #####
##############.# #...#
...............####.#.# ###


You could see Gastronok the titan and a river rat.

Vanquished Creatures
  A flayed ghost (D:1)
  A wizard (D:1)
  A hill giant (D:8)
  A troll (D:10)
  A two-headed ogre (D:1)
  2 slime creatures (D:1)
  2 trapdoor spiders (D:9)
  A wraith (D:1)
  A water elemental (D:11)
  A shadow (D:11)
  A hungry ghost (D:7)
  A spatial vortex (D:1)
  A basilisk (D:8)
  A hog (D:2)
  2 hippogriffs
  2 wolves (D:9)
  A porcupine (D:9)
  4 sky beasts
  2 orc warriors (D:9)
  A sky beast (shapeshifter) (D:1)
  An ice beast (D:10)
  2 phantoms (D:4)
  A wasp (shapeshifter) (D:8)
  2 black bears
  A crocodile (D:9)
  4 centaurs
  4 ogres
  9 giant frogs
  A brain worm (D:2)
  16 killer bees
  2 scorpions
  A centaur zombie (D:5)
  5 hounds
  3 giant frog zombies
  3 jellies
  11 orc wizards
  7 crimson imps
  A giant frog skeleton (D:10)
  A gnoll shaman (D:4)
  2 orc priests
  An iguana (D:5)
  5 worker ants
  2 centaur skeletons
  A sheep (D:9)
  A hound skeleton (D:7)
  Robin (D:2)
  22 adders
  Natasha (twice) (D:3)
  6 gnolls
  4 shadow imps
  A giant eyeball (D:9)
  8 oozes
  2 adder skeletons
  3 adder zombies (D:5)
  5 worms
  6 giant geckos
  38 orcs
  23 goblins
  19 hobgoblins
  22 jackals
  5 quokkas
  15 bats
  13 giant cockroaches
  A giant gecko skeleton (D:4)
  12 giant newts
  A jackal zombie (D:5)
  17 kobolds
  9 rats
  2 fire vortices (D:1)
  5 plants (D:9)
357 creatures vanquished.

Vanquished Creatures (collateral kills)
  A wolf (D:9)
  A slime creature (D:1)
  A warg (D:9)
  An ogre (D:4)
  A killer bee (D:8)
  A hound (D:8)
6 creatures vanquished.

Vanquished Creatures (others)
  A centaur (D:11)
  A gnoll (D:4)
2 creatures vanquished.

Grand Total: 365 creatures vanquished

Notes
Turn   | Place    | Note
--------------------------------------------------------------
     0 | D:1      | hexophile the Spriggan Chaos Knight began the quest for the Orb.
     0 | D:1      | Reached XP level 1. HP: 11/11 MP: 2/2
   388 | D:1      | Reached skill level 4 in Dodging
   499 | D:1      | Reached XP level 2. HP: 16/16 MP: 3/3
   848 | D:1      | XOM: harmless Chrm miscast
   877 | D:1      | XOM: cast spell 'Stoneskin'
   882 | D:1      | Reached XP level 3. HP: 19/19 MP: 4/4
  1792 | D:1      | XOM is BORED!
  1792 | D:1      | XOM: mild Conj miscast
  1966 | D:1      | You fall through a shaft!
  2095 | D:1      | XOM: harmless Air miscast
  2452 | D:1      | XOM: noise
  2652 | D:1      | XOM: medium Divn miscast
  2851 | D:1      | XOM: silly message
  3080 | D:1      | XOM: vitrification
  3736 | D:1      | XOM: vitrification
  4053 | D:1      | XOM: scenery: 1 doors close
  4134 | D:1      | XOM: god gift: rapier {god gift}
  4142 | D:1      | Gained mutation: You are agile. (Dex +2) [potion of beneficial mutation]
  4146 | D:1      | Reached skill level 6 in Polearms
  4146 | D:1      | Reached skill level 11 in Dodging
  4146 | D:1      | Reached XP level 4. HP: 23/23 MP: 5/5
  4226 | D:1      | XOM: medium Fire miscast
  4226 | D:1      | HP: 2/23 [something (21)]
  5062 | D:1      | XOM: give mutations
  5062 | D:1      | Gained mutation: You are partially covered in thin metallic scales (AC +2). [Xom's grace]
  5062 | D:1      | Gained mutation: You are very agile. (Dex +4) [Xom's grace]
  5263 | D:1      | XOM: summons 2 hostile demons
  5463 | D:1      | XOM: harmless Conj miscast
  5628 | D:1      | XOM: stat loss: -1 Str (7/8)
  5694 | D:1      | XOM is BORED!
  5694 | D:1      | XOM: medium Pois miscast
  5972 | D:1      | XOM: give mutations
  5972 | D:1      | Gained mutation: You have sharp toenails. [Xom's grace]
  5972 | D:1      | Gained mutation: You have a pair of small horns on your head. [Xom's grace]
  5972 | D:1      | Gained mutation: You have razor-sharp toenails. [Xom's grace]
  5972 | D:1      | Gained mutation: You can translocate small distances at will. [Xom's grace]
  6076 | D:1      | XOM: colour smoke trail
  6630 | D:1      | XOM: harmless Fire miscast
  6761 | D:1      | XOM: silly message
  7694 | D:1      | XOM: noise
  7829 | D:1      | Noticed a slime creature
  7829 | D:1      | Noticed a slime creature
  7834 | D:1      | Noticed a slime creature
  7844 | D:1      | XOM: summons friendly crimson imp
  7853 | D:1      | XOM: enchant monster (bad)
  7888 | D:1      | Killed a slime creature
  7888 | D:1      | Reached XP level 5. HP: 21/27 MP: 6/6
  7888 | D:1      | Reached XP level 6. HP: 24/32 MP: 7/7
  7981 | D:1      | Noticed a wizard
  7986 | D:1      | XOM: enchant monster (good)
  7996 | D:1      | XOM: summons 2 friendly demons
  8001 | D:1      | Killed a slime creature
  8058 | D:1      | XOM: cast spell 'Hydra Form'
  8066 | D:1      | Killed a slime creature
  8066 | D:1      | Reached skill level 12 in Dodging
  8066 | D:1      | Reached XP level 7. HP: 34/35 MP: 8/8
  8067 | D:1      | HP: 4/45 [wizard/bolt of lightning (30)]
  8067 | D:1      | XOM: butterfly on damage
  8068 | D:1      | XOM: harmless Fire miscast
  8073 | D:1      | HP: 3/45 [poisoned by a wizard (sting)]
  8074 | D:1      | Killed a wizard
  8074 | D:1      | Reached XP level 8. HP: 12/39 MP: 9/9
  8323 | D:1      | XOM: give mutations
  8323 | D:1      | Gained mutation: You are robust (+10% HP). [Xom's mischief]
  8323 | D:1      | Gained mutation: Potions and wands are less effective at restoring your health. [Xom's mischief]
  8323 | D:1      | Gained mutation: Your flesh is heat resistant. [Xom's mischief]
  8323 | D:1      | Lost mutation: You are very agile. (Dex +4) [Xom's mischief]
  8966 | D:1      | Noticed a two-headed ogre
  8967 | D:1      | XOM: chaos upgrade
  8974 | D:1      | XOM: swap monsters
  8976 | D:1      | XOM: swap monsters
  8981 | D:1      | XOM: mild Pois miscast
  9005 | D:1      | XOM: 1-stop teleportation journey
  9146 | D:1      | XOM: colour smoke trail
  9206 | D:1      | Killed a two-headed ogre
  9206 | D:1      | Reached skill level 13 in Dodging
  9666 | D:1      | XOM: harmless Necr miscast
  9948 | D:1      | XOM is BORED!
  9948 | D:1      | XOM: medium Conj miscast
 10337 | D:1      | XOM: harmless Hex miscast
 10628 | D:1      | XOM: noise
 10638 | D:1      | Reached skill level 1 in Stealth
 10734 | D:1      | XOM: scenery: create altars
 10766 | D:1      | XOM: cast spell 'Cause Fear'
 11296 | D:1      | XOM: divination: detect creatures
 11976 | D:1      | XOM: scenery: create altars
 12374 | D:1      | XOM is BORED!
 12374 | D:1      | XOM: summons 3 hostile shadow creatures
 12375 | D:1      | Noticed a fire dragon
 12621 | D:1      | XOM: summons 4 hostile demons
 12622 | D:1      | Noticed a sun demon
 12787 | D:1      | XOM: 8-stop teleportation journey
 13932 | D:1      | XOM: give mutations
 13932 | D:1      | Gained mutation: Your spells are a little harder to cast, but a little more powerful. [Xom's mischief]
 13932 | D:1      | Lost mutation: You are agile. (Dex +2) [Xom's mischief]
 13982 | D:1      | XOM: vitrification
 14280 | D:1      | XOM: colour smoke trail
 15182 | D:1      | XOM: harmless Trmt miscast
 16184 | D:1      | XOM: colour smoke trail
 16844 | D:1      | XOM: silly message
 16871 | D:1      | XOM: divination: detect creatures
 16991 | D:1      | XOM: harmless Hex miscast
 16992 | D:1      | XOM: colour smoke trail
 17158 | D:1      | XOM: colour smoke trail
 17164 | D:1      | XOM: scenery: create altars
 17494 | D:1      | XOM: colour smoke trail
 17569 | D:1      | XOM: god gift: 15 gold pieces
 17682 | D:1      | XOM: god gift: 6 exploding tomahawks
 17782 | D:1      | XOM: give mutations
 17782 | D:1      | Gained mutation: Your body sometimes deteriorates upon taking damage. [Xom's mischief]
 17782 | D:1      | Lost mutation: Your flesh is heat resistant. [Xom's mischief]
 17782 | D:1      | Gained mutation: You occasionally shout uncontrollably at your foes. [Xom's mischief]
 18387 | D:1      | XOM: give mutations
 18387 | D:1      | Gained mutation: You passively map a small area around you. [Xom's grace]
 18387 | D:1      | Gained mutation: Your mind is acute. (Int +2) [Xom's grace]
 18387 | D:1      | Gained mutation: You have a somewhat thin skeletal structure (Dex +2, Stealth). [Xom's grace]
 18629 | D:1      | XOM is BORED!
 18629 | D:1      | XOM: summons 2 hostile demons
 18690 | D:1      | Noticed a flayed ghost
 18709 | D:1      | Killed a flayed ghost
 18709 | D:1      | Reached skill level 5 in Stealth
 18709 | D:1      | Reached XP level 9. HP: 36/47 MP: 10/10
 18943 | D:1      | XOM: god gift: scroll labeled GODGHY FEBLEIDD
 19700 | D:1      | XOM: vitrification
 20369 | D:1      | XOM: give mutation
 20369 | D:1      | Gained mutation: You are somewhat resistant to further mutation. [Xom's grace]
 20502 | D:1      | XOM: harmless Pois miscast
 20536 | D:1      | XOM: mild Divn miscast
 20759 | D:1      | XOM: scenery: create altars
 21027 | D:1      | XOM: divination: detect creatures
 21320 | D:1      | XOM: divination: detect creatures
 21376 | D:1      | XOM: draining
 21451 | D:1      | XOM: god gift: warped ivory amulet {god gift}
 21454 | D:1      | Got a warped ivory amulet {god gift}
 21455 | D:1      | Identified the amulet of Noohog Xoepo {+Rage MP+9} (Xom gifted it to you on level 1 of the Dungeon)
 21994 | D:2      | XOM: god gift: sedimented sapphire potion
 22172 | D:2      | Noticed Robin
 22172 | D:2      | XOM: cast spell 'Hydra Form'
 22192 | D:2      | Killed Robin
 22333 | D:2      | XOM: god gift: runed chain mail {god gift}
 22678 | D:3      | XOM: divination: detect items
 22759 | D:3      | Noticed Natasha
 22763 | D:3      | Noticed Natasha
 22763 | D:3      | Natasha changed into Natasha the worm
 22766 | D:3      | Killed Natasha the worm
 22863 | D:3      | Noticed Natasha
 22871 | D:3      | Killed Natasha
 22909 | D:3      | XOM: vitrification
 23104 | D:3      | Noticed Natasha
 23108 | D:3      | Killed Natasha
 23166 | D:3      | Found a shattered altar of Ashenzari.
 23457 | D:4      | XOM: summons friendly iron imp
 23497 | D:4      | Reached skill level 1 in Evocations
 23633 | D:4      | Found Xuhute's Weapon Shop.
 23679 | D:4      | Bought 15 stones for 15 gold pieces
 23679 | D:4      | Bought 27 stones for 27 gold pieces
 23715 | D:4      | XOM: silly message
 23904 | D:4      | Found a basalt altar of Yredelemnul.
 23923 | D:4      | XOM: god gift: curved runed staff {god gift}
 23933 | D:4      | XOM: mild Tloc miscast
 24027 | D:4      | XOM: chaos upgrade
 24188 | D:5      | Entered Level 5 of the Dungeon
 24493 | D:5      | XOM: divination: magic mapping
 24571 | D:5      | XOM: mild Divn miscast
 24639 | D:5      | XOM: divination: detect creatures
 24649 | D:5      | Found a burning altar of Makhleb.
 24649 | D:5      | Noticed a balrug
 24675 | D:5      | Found a shimmering altar of Xom.
 24712 | D:5      | XOM: divination: magic mapping
 24873 | D:5      | XOM: vitrification
 25216 | D:4      | XOM: chaos upgrade
 25309 | D:2      | XOM: draining
 25385 | D:1      | XOM: give mutations
 25385 | D:1      | Lost mutation: You have a pair of small horns on your head. [Xom's mischief]
 25385 | D:1      | Lost mutation: You have razor-sharp toenails. [Xom's mischief]
 25421 | D:1      | XOM: give mutations
 25421 | D:1      | Lost mutation: Your mind is acute. (Int +2) [Xom's mischief]
 25421 | D:1      | Lost mutation: You are robust (+10% HP). [Xom's mischief]
 25534 | D:1      | XOM: colour smoke trail
 25698 | D:1      | XOM: draining
 25802 | D:1      | XOM: mild Hex miscast
 25998 | D:1      | XOM: harmless Air miscast
 27121 | D:1      | XOM is BORED!
 27121 | D:1      | XOM: mild Conj miscast
 27730 | D:1      | XOM: 1-stop teleportation journey
 27850 | D:1      | XOM: harmless Tloc miscast
 28117 | D:1      | XOM: mild Fire miscast
 28286 | D:1      | XOM: vitrification
 28355 | D:1      | XOM: divination: detect creatures
 28411 | D:1      | XOM: colour smoke trail
 28448 | D:1      | XOM: god gift: shortbow {god gift}
 29598 | D:1      | XOM: mild Tloc miscast
 29646 | D:1      | XOM: mild Tloc miscast
 30077 | D:1      | XOM is BORED!
 30077 | D:1      | XOM: noise
 30963 | D:1      | XOM is BORED!
 30963 | D:1      | XOM: medium Air miscast
 31374 | D:1      | XOM: give mutation
 31374 | D:1      | Lost mutation: Your body sometimes deteriorates upon taking damage. [Xom's mischief]
 31473 | D:1      | XOM: divination: detect creatures
 32029 | D:1      | XOM: 2-stop teleportation journey
 32105 | D:1      | XOM is BORED!
 32105 | D:1      | XOM: noise
 32556 | D:1      | XOM: give mutations
 32556 | D:1      | Lost mutation: You are partially covered in thin metallic scales (AC +2). [Xom's mischief]
 32556 | D:1      | Lost mutation: You are somewhat resistant to further mutation. [Xom's mischief]
 32556 | D:1      | Gained mutation: You are frail (-10% HP). [Xom's mischief]
 32556 | D:1      | Gained mutation: You have razor-sharp toenails. [Xom's mischief]
 33001 | D:1      | Learned a level 1 spell: Summon Small Mammal
 33352 | D:1      | XOM: noise
 33605 | D:1      | XOM: god gift: 42 gold pieces
 33701 | D:1      | XOM: god gift: 12 royal jellies
 33925 | D:1      | XOM: give mutation
 33925 | D:1      | Gained mutation: You are resistant to electric shocks. [Xom's grace]
 33931 | D:1      | XOM: divination: detect creatures
 33992 | D:1      | XOM: god gift: 12 gold pieces
 34040 | D:1      | XOM: give mutations
 34040 | D:1      | Gained mutation: You evolve. [Xom's grace]
 34040 | D:1      | Gained mutation: You have a beak for a mouth. [Xom's grace]
 34042 | D:1      | XOM: colour smoke trail
 34923 | D:1      | XOM: god gift: meat ration
 35051 | D:1      | Lost mutation: You are frail (-10% HP). [evolution]
 35218 | D:1      | XOM: vitrification
 35350 | D:1      | XOM: god gift: 4 needles of confusion
 35747 | D:1      | XOM: god gift: 15 gold pieces
 36038 | D:1      | XOM: give mutation
 36038 | D:1      | Lost mutation: You have razor-sharp toenails. [Xom's mischief]
 36081 | D:1      | XOM: god gift: 14 stones
 36263 | D:1      | XOM is BORED!
 36263 | D:1      | XOM: mild Erth miscast
 36620 | D:1      | XOM: harmless Summ miscast
 36643 | D:1      | XOM: cast spell 'Beastly Appendage'
 36712 | D:1      | XOM: god gift: 2450 gold pieces
 37724 | D:1      | XOM: harmless Pois miscast
 37910 | D:1      | XOM: harmless Fire miscast
 38141 | D:1      | XOM: mild Pois miscast
 38587 | D:1      | XOM is BORED!
 38587 | D:1      | XOM: noise
 38806 | D:1      | XOM: harmless Divn miscast
 39554 | D:1      | XOM: harmless Pois miscast
 40069 | D:1      | XOM: give mutation
 40069 | D:1      | Lost mutation: You evolve. [Xom's mischief]
 40116 | D:1      | XOM is BORED!
 40116 | D:1      | XOM: mild Fire miscast
 40699 | D:1      | XOM: cast spell 'Statue Form'
 40754 | D:1      | XOM: noise
 40994 | D:1      | XOM: god gift: papyrus book {god gift}
 41350 | D:1      | XOM: god gift: scroll of random uselessness
 41448 | D:1      | XOM: cast spell 'Spider Form'
 41550 | D:1      | XOM: cast spell 'Necromutation'
 41617 | D:1      | XOM: god gift: plate armour {god gift}
 42195 | D:1      | XOM: harmless Erth miscast
 42296 | D:1      | XOM: silly message
 42708 | D:1      | XOM: noise
 42758 | D:1      | XOM: mild Divn miscast
 43262 | D:1      | XOM is BORED!
 43262 | D:1      | XOM: medium Divn miscast
 43626 | D:1      | XOM: harmless Hex miscast
 43857 | D:1      | XOM: give mutations
 43857 | D:1      | Gained mutation: You expend magic power (3 MP) to strengthen your wands. [Xom's mischief]
 43857 | D:1      | Gained mutation: You are weak. (Str -2) [Xom's mischief]
 43857 | D:1      | Lost mutation: You have sharp toenails. [Xom's mischief]
 43857 | D:1      | Lost mutation: You are resistant to electric shocks. [Xom's mischief]
 44291 | D:1      | XOM: give mutations
 44291 | D:1      | Gained mutation: Armour fits poorly on your strangely shaped body. [Xom's mischief]
 44291 | D:1      | Lost mutation: You are weak. (Str -2) [Xom's mischief]
 44325 | D:1      | XOM: mild Conj miscast
 45161 | D:1      | XOM: harmless Summ miscast
 45302 | D:1      | XOM: give mutations
 45302 | D:1      | Gained mutation: You evolve. [Xom's mischief]
 45302 | D:1      | Lost mutation: You occasionally shout uncontrollably at your foes. [Xom's mischief]
 45579 | D:1      | XOM is BORED!
 45579 | D:1      | XOM: mild Tloc miscast
 45849 | D:1      | XOM: give mutations
 45849 | D:1      | Lost mutation: You expend magic power (3 MP) to strengthen your wands. [Xom's mischief]
 45849 | D:1      | Gained mutation: You are partially covered in iridescent scales (AC +4). [Xom's mischief]
 46059 | D:1      | XOM: mild Conj miscast
 46089 | D:1      | XOM: silly message
 46719 | D:1      | XOM: stat loss: -1 Str (6/8)
 47182 | D:1      | XOM: noise
 48152 | D:1      | XOM: medium Air miscast
 48234 | D:1      | XOM: mild Hex miscast
 48339 | D:1      | XOM: medium Erth miscast
 48678 | D:1      | XOM: torment (23/43 hp)
 48750 | D:1      | XOM: summons 1 hostile demon
 48951 | D:1      | XOM: give mutation
 48951 | D:1      | Lost mutation: Armour fits poorly on your strangely shaped body. [Xom's mischief]
 49029 | D:1      | XOM: god gift: 56 gold pieces
 49174 | D:2      | XOM: summons 4 hostile demons
 49194 | D:2      | XOM: mild Tloc miscast
 49602 | D:2      | XOM: silly message
 49750 | D:2      | XOM: give mutations
 49750 | D:2      | Gained mutation: Armour fits poorly on your strangely shaped body. [Xom's mischief]
 49750 | D:2      | Gained mutation: You have a pair of small horns on your head. [Xom's mischief]
 50174 | D:2      | XOM: noise
 50355 | D:2      | XOM is BORED!
 50355 | D:2      | XOM: mild Hex miscast
 50391 | D:2      | XOM: noise
 50425 | D:2      | XOM: cast spell 'Beastly Appendage'
 50504 | D:2      | XOM: god gift: 3 curare-tipped needles
 50764 | D:2      | XOM: give mutation
 50764 | D:2      | Gained mutation: You have an increased reservoir of magic (+10% MP). [Xom's grace]
 50835 | D:2      | XOM: god gift: morningstar {god gift}
 51406 | D:2      | XOM: harmless Summ miscast
 51408 | D:2      | XOM: medium Tloc miscast
 51672 | D:2      | XOM: mild Tloc miscast
 51743 | D:2      | XOM: cast spell 'Dispersal'
 51857 | D:2      | XOM: colour smoke trail
 52514 | D:2      | XOM: god gift: 24 stones
 52865 | D:2      | XOM is BORED!
 52865 | D:2      | XOM: harmless Air miscast
 52919 | D:2      | XOM: harmless Erth miscast
 52920 | D:2      | XOM: polymorph sky beast -> hog
 53095 | D:2      | XOM: cast spell 'Beastly Appendage'
 53379 | D:2      | XOM: divination: detect creatures
 53525 | D:2      | XOM: harmless Hex miscast
 53553 | D:2      | XOM: vitrification
 53622 | D:2      | XOM: give mutations
 53622 | D:2      | Gained mutation: You are agile. (Dex +2) [Xom's grace]
 53622 | D:2      | Gained mutation: Your mind is acute. (Int +2) [Xom's grace]
 53667 | D:2      | XOM: 2-stop teleportation journey
 53705 | D:2      | XOM: mild Pois miscast
 53737 | D:2      | XOM: medium Conj miscast
 54137 | D:2      | XOM: severe Divn miscast
 54138 | D:2      | XOM: divination: detect creatures
 54506 | D:2      | XOM is BORED!
 54506 | D:2      | XOM: mild Conj miscast
 55664 | D:2      | XOM: harmless Chrm miscast
 56494 | D:2      | XOM: harmless Tloc miscast
 56658 | D:2      | XOM is BORED!
 56658 | D:2      | XOM: noise
 56803 | D:2      | XOM: noise
 56904 | D:2      | XOM: 1-stop teleportation journey
 56993 | D:2      | XOM: scenery: 7 doors close
 57783 | D:2      | XOM: god gift: plate armour {god gift}
 58257 | D:2      | XOM: divination: detect creatures
 58930 | D:2      | XOM: divination: detect creatures
 58966 | D:2      | XOM is BORED!
 58966 | D:2      | XOM: medium Fire miscast
 59340 | D:2      | XOM: 1-stop teleportation journey
 59671 | D:2      | XOM: give mutations
 59671 | D:2      | Gained mutation: Your spells are harder to cast, but more powerful. [Xom's grace]
 59671 | D:2      | Gained mutation: You are covered in fur (AC +1). [Xom's grace]
 59671 | D:2      | Gained mutation: Your system is resistant to poisons. [Xom's grace]
 60088 | D:5      | XOM: vitrification
 60230 | D:6      | XOM: confuse monster(s)
 60249 | D:6      | Found a staircase to the Ecumenical Temple.
 60263 | Temple   | Entered the Ecumenical Temple
 60387 | Temple   | XOM: colour smoke trail
 61160 | Temple   | XOM: harmless Air miscast
 61407 | Temple   | XOM: harmless Ice miscast
 62001 | Temple   | XOM: mild Hex miscast
 62008 | Temple   | XOM: harmless Hex miscast
 62823 | D:6      | XOM: divination: detect creatures
 62858 | D:6      | XOM: scenery: create altars
 62975 | D:6      | XOM: harmless Air miscast
 63115 | D:6      | XOM is BORED!
 63115 | D:6      | XOM: mild Conj miscast
 63150 | D:6      | XOM: give mutation
 63150 | D:6      | Gained mutation: You are covered in thick fur (AC +2). [Xom's grace]
 63397 | D:6      | XOM: god gift: 6 needles of slowing
 63437 | D:7      | XOM: god gift: small bronze ring {god gift}
 63489 | D:7      | XOM: swap monsters
 63800 | D:7      | XOM: enchant monster (bad)
 63812 | D:7      | Reached XP level 10. HP: 44/47 MP: 14/14
 64033 | D:8      | Noticed a hill giant
 64036 | D:8      | XOM: potion effect (brilliance)
 64072 | D:8      | Killed a hill giant
 64179 | D:8      | Found a staircase to the Lair.
 64359 | D:8      | XOM: summons 10 friendly demons
 64414 | D:8      | Reached skill level 10 in Stealth
 64547 | D:8      | XOM: 6-stop teleportation journey
 64760 | D:8      | XOM: silly message
 64765 | D:8      | Reached skill level 5 in Evocations
 64899 | D:9      | XOM: confusion
 64903 | D:8      | XOM: polymorph sky beast -> basilisk
 64909 | D:8      | XOM: chaos cloud
 64910 | D:8      | XOM: mild Air miscast
 65057 | D:9      | Noticed Grum
 65071 | D:9      | XOM: polymorph wolf -> warg
 65086 | D:9      | XOM: polymorph wolf -> sheep
 65087 | D:9      | XOM: noise
 65103 | D:9      | XOM: medium Erth miscast
 65116 | D:9      | XOM: potion effect (brilliance)
 65117 | D:9      | XOM: potion effect (heal wounds)
 65169 | D:9      | XOM: cast spell 'Discord'
 65186 | D:9      | Noticed Grum
 65186 | D:9      | Grum changed into Grum the giant eyeball
 65192 | D:9      | Paralysed by Grum for 3 turns
 65261 | D:9      | Killed Grum the giant eyeball
 65426 | D:9      | XOM: 2-stop teleportation journey
 65436 | D:9      | XOM: 3-stop teleportation journey
 65701 | D:9      | XOM: polymorph scorpion -> porcupine
 65706 | D:9      | XOM: smoke on damage
 65716 | D:9      | HP: 4/47 [porcupine's spines (4)]
 65880 | D:9      | XOM: give mutations
 65880 | D:9      | Gained mutation: You possess an exceptional clarity of mind. [Xom's grace]
 65880 | D:9      | Gained mutation: You can spit weak poison. [Xom's grace]
 65924 | D:9      | XOM: 2-stop teleportation journey
 66001 | D:9      | XOM: swap monsters
 66020 | D:8      | HP: 4/47 [poisoned by a scorpion]
 66028 | D:8      | HP: 3/47 [poisoned by a scorpion]
 66140 | D:8      | XOM: give mutations
 66140 | D:8      | Gained mutation: You are robust (+10% HP). [Xom's grace]
 66140 | D:8      | Gained mutation: You are resistant to hostile enchantments. [Xom's grace]
 66140 | D:8      | Gained mutation: You are very agile. (Dex +4) [Xom's grace]
 66140 | D:8      | Gained mutation: You have large cloven feet. [Xom's grace]
 66174 | D:8      | XOM: vitrification
 66321 | D:8      | XOM: silly message
 66338 | D:8      | XOM: smoke on damage
 66339 | D:8      | XOM: give mutations
 66339 | D:8      | Lost mutation: You possess an exceptional clarity of mind. [Xom's mischief]
 66339 | D:8      | Lost mutation: You have large cloven feet. [Xom's mischief]
 66339 | D:8      | Lost mutation: You are covered in thick fur (AC +2). [Xom's mischief]
 66339 | D:8      | Lost mutation: You have a pair of small horns on your head. [Xom's mischief]
 66362 | D:8      | HP: 5/51 [poisoned by a killer bee]
 66368 | D:8      | HP: 5/51 [poisoned by a killer bee]
 66437 | D:8      | XOM: harmless Hex miscast
 66647 | D:8      | XOM: silly message
 66817 | D:9      | XOM: summons 5 hostile demons
 66846 | D:9      | XOM: blink monster(s)
 66864 | D:9      | XOM: 1-stop teleportation journey
 66934 | D:9      | XOM: colour smoke trail
 67060 | D:9      | Gained mutation: You are very robust (+20% HP). [evolution]
 67096 | D:9      | XOM: cast spell 'Call Canine Familiar'
 67117 | D:9      | Got a bone trident
 67118 | D:9      | Identified the cursed +1 trident of the Briny Deep {freeze, +Rage Str+3 Dex+3} (You found it on level 9 of the Dungeon)
 67135 | D:9      | XOM: cast spell 'Ring of Flames'
 67142 | D:9      | XOM: confuse monster(s)
 67311 | D:9      | XOM: harmless Ice miscast
 67794 | D:9      | XOM: god gift: morningstar {god gift}
 67900 | D:9      | XOM: vitrification
 68081 | D:9      | Upgraded the game from 0.17-a0-1701-gf693a3f to 0.17-a0-1711-gc5340a3
 68339 | D:9      | XOM: swap monsters
 68575 | D:9      | XOM: give mutations
 68575 | D:9      | Gained mutation: You passively map the area around you. [Xom's grace]
 68599 | D:9      | XOM: vitrification
 68693 | D:9      | XOM: harmless Erth miscast
 68694 | D:9      | XOM: confusion (+ monsters)
 68706 | D:9      | XOM: harmless Hex miscast
 68726 | D:9      | Reached XP level 11. HP: 45/61 MP: 18/18
 68911 | D:9      | XOM: harmless Air miscast
 69002 | D:9      | XOM: mild Air miscast
 69386 | D:9      | XOM: vitrification
 69459 | D:9      | XOM: stat loss: -1 Str (7/8)
 69970 | D:9      | XOM: mild Fire miscast
 69991 | D:9      | XOM: mild Fire miscast
 70521 | D:9      | XOM: torment (32/61 hp)
 70590 | D:9      | XOM: stat loss: -1 Dex (26/27)
 71124 | D:9      | XOM: butterfly on damage
 71567 | D:9      | XOM is BORED!
 71567 | D:9      | XOM: mild Hex miscast
 71660 | D:10     | Entered Level 10 of the Dungeon
 71794 | D:10     | XOM: noise
 71908 | D:10     | XOM: vitrification
 72184 | D:10     | XOM: give mutations
 72184 | D:10     | Lost mutation: You can spit weak poison. [Xom's mischief]
 72184 | D:10     | Lost mutation: You evolve. [Xom's mischief]
 72207 | D:10     | XOM: colour smoke trail
 72380 | D:10     | Found Qaodetikh's Armour Shop.
 72402 | D:10     | XOM: mild Ice miscast
 72495 | D:10     | XOM: harmless Trmt miscast
 72688 | D:10     | XOM: harmless Erth miscast
 72797 | D:10     | XOM: cast spell 'Ring of Flames'
 73095 | D:11     | XOM: stealth player
 73220 | D:11     | XOM: potion effect (brilliance)
 73222 | D:11     | XOM: give mutation
 73222 | D:11     | Lost mutation: You are partially covered in iridescent scales (AC +4). [Xom's mischief]
 73274 | D:11     | XOM: noise
 73390 | D:11     | Learned a level 9 spell: Dragon's Call
 73489 | D:11     | XOM: god gift: phial of floods
 73519 | D:11     | Noticed a six-headed hydra
 73542 | D:11     | XOM: summons friendly shadow imp
 73545 | D:11     | XOM: 3-stop teleportation journey
 73554 | D:11     | XOM: medium Air miscast
 73776 | D:11     | XOM: cast spell 'Monstrous Menagerie'
 73784 | D:11     | Noticed a minotaur
 73784 | D:11     | a six-headed hydra changed into a minotaur
 73819 | D:11     | Noticed Gastronok
 73830 | D:11     | Noticed Gastronok
 73830 | D:11     | Gastronok changed into Gastronok the titan
 73833 | D:11     | XOM: butterfly on damage
 73838 | D:11     | Killed from afar by Gastronok the titan

Vault maps used:
D:1:      elethiomel_arrival_infinity_welcomes_careful_drivers,
          hangedman_decor_points
D:2:      kennysheep_goblin_castle
D:3:      lemuel_coloured_pillars_altar, first_bread,
          kennysheep_generic_room_13, uniq_natasha
D:4:      kennysheep_little_box, serial_shops, shop, serial_bayou_pond_c
D:5:      nicolae_overflow_hidden_temple, makhleb_altar_promises_db
D:6:      temple_hall, corexii_leaking_fountain
D:7:      hangedman_abyss_or_decor_passed
D:8:      david_lair_shrubbed
D:9:      minmay_weird_star, hangedman_little_slice_of_home, uniq_grum
D:10:     serial_shops, nicolae_shop_window_shopping
D:11:     uniq_gastronok, uniq_erica
Temple:   circular_temple_12

Action                   |  1- 3 |  4- 6 |  7- 9 | 10-12 || total
-------------------------+-------+-------+-------+-------++-------
Melee: Spear             |   123 |    79 |   762 |   883 ||  1847
       Unarmed           |       |     6 |    24 |     3 ||    33
 Cast: Summon Small Mamm |       |       |     1 |       ||     1
 Abil: Blink             |       |       |     1 |     1 ||     2
       Spit Poison       |       |       |       |     1 ||     1
       Evoke Berserk Rag |       |       |       |     1 ||     1
Evoke: Wand              |       |       |       |     4 ||     4
  Use: Potion            |     6 |       |     7 |     2 ||    15
       Scroll            |       |       |    11 |     2 ||    13
 Stab: Distracted        |       |     1 |     4 |    13 ||    18
       Petrified         |       |     1 |     1 |    14 ||    16
       Paralysed         |       |       |    19 |    20 ||    39
       Petrifying        |       |       |     9 |    11 ||    20
       Sleeping          |       |       |    40 |    17 ||    57
       Confused          |       |       |     7 |    12 ||    19
  Eat: Bread ration      |       |     1 |     5 |     1 ||     7
       Royal jelly       |       |       |    12 |     3 ||    15
       Pizza             |       |       |       |     2 ||     2
